 Dungeon Crawl Stone Soup version 0.25-a0-781-gc44aebf4fe (webtiles) character file.

Game seed: 16112953759959468868, levelgen mode: deterministic

15 vishdafish the Skirmisher (level 2, 8/24 HPs)
             Began as a Demonspawn Fighter on Apr 15, 2020.
             Quit the game on level 1 of the Dungeon.
             The game lasted 00:00:17 (92 turns).

vishdafish the Skirmisher (Demonspawn Fighter)        Turns: 92, Time: 00:00:18

Health: 8/24       AC:  6    Str: 16    XL:     2   Next: 34%
Magic:  2/2        EV:  6    Int:  9    God:
Gold:   11         SH:  8    Dex: 12    Spells: 1/1 levels left

rFire    . . .     SeeInvis .   a - +0 long sword
rCold    . . .     Gourm    .   c - +0 kite shield
rNeg     . . .     Faith    .   b - +0 scale mail
rPois    .         Spirit   .   (no helmet)
rElec    .         Reflect  .   (no cloak)
rCorr    .         Harm     .   (no gloves)
MR       .....                  (no boots)
Stlth    ..........             (no amulet)
HPRegen  0.08/turn              (no ring)
MPRegen  0.08/turn              (no ring)

@: mighty
A: powered by pain 1
a: no special abilities


You were on level 1 of the Dungeon.
You were not hungry.

You visited 1 branch of the dungeon, and saw 1 of its levels.

You collected 11 gold pieces.

Inventory:

Hand Weapons
 a - a +0 long sword (weapon)
Armour
 b - a +0 scale mail (worn)
 c - a +0 kite shield (worn)
Comestibles
 f - 2 rations


   Skills:
 + Level 3.1 Fighting
 + Level 1.8 Long Blades
 + Level 3.0 Armour
 + Level 0.1 Dodging
 + Level 3.0 Shields


You had one spell level left.
You didn't know any spells.
Your spell library was empty.

Dungeon Overview and Level Annotations

Branches:
Dungeon (1/15)

Altars:


Innate Abilities, Weirdness & Mutations

You sometimes gain a little power by taking damage.


Message History

The goblin hits you with a cursed -1 club.
You slash the goblin!
You kill the goblin!
The rat barely misses you.
Your shield and scale mail prevent you from hitting the rat.
The rat bites you.
You closely miss the rat. The rat barely misses you.
The rat bites you but does no damage.
You closely miss the rat. You block the rat's attack.
You barely miss the rat. You block the rat's attack.
You closely miss the rat.
The rat bites you but does no damage. x2
Your shield and scale mail prevent you from hitting the rat.
You block the rat's attack.
You barely miss the rat. The rat bites you. The rat barely misses you.
You slash the rat!
You kill the rat!
Your Armour skill increases to level 3!
Things that are here:
a cursed -1 club; a goblin corpse Are you sure you want to abandon this character and quit the game? (Confirm with "yes".)

#### #.# #.# ...# #.#
#.# ##.# #.# #.#
##.####.######.#######
......................
##.####.######.#######
##.# #.# #.#########
##.# #.# #.#........
##.####.######.#@######
........................
...............#)#######
##.####..#####.#.#
##.#### # #.#.# ...)..#
# #.#.# ......#..###
#.... ......'..... ..#.#
.†....#..### .. .#


There were no monsters in sight!

Vanquished Creatures
  A gnoll (D:1)
  2 goblins (D:1)
  A kobold (D:1)
  3 rats (D:1)
7 creatures vanquished.

Notes
Turn   | Place    | Note
-------+----------+-------------------------------------------
     0 | D:1      | vishdafish the Demonspawn Fighter began the quest for the
                  | Orb.
     0 | D:1      | Reached XP level 1. HP: 18/18 MP: 1/1
    81 | D:1      | Gained mutation: You sometimes gain a little power by
                  | taking damage. [demonic ancestry]
    81 | D:1      | Reached XP level 2. HP: 12/24 MP: 2/2
    92 | D:1      | Quit the game

Levels and vault maps discovered:
D:1:      dpeg_arrival_pits, layout_basic

Skill      XL: |  1  2 |
---------------+-------+-----
Shields        | 3 |  3.0
Armour         | 3 |  3.0
Fighting       | |  3.1
Long Blades    | |  1.8
Dodging        | |  0.1

Action                   || total
-------------------------++-------
Melee: Long sword        ||    25
  Use: Potion            ||     1
Armor: Scale mail        ||    11
Dodge: Dodged            ||     5
Block: Kite shield       ||    11

Table legend:
 A = Non-vault XP
 B = Vault XP
 C = Vault XP percentage of total XP
 D = Non-vault monster count
 E = Vault monster count
 F = Vault count percentage of total count
                 A         B        C        D         E       F
            +---------+---------+-------+---------+---------+-------
      Total |      22 |       0 |   0.0 |       7 |       0 |   0.0
            +---------+---------+-------+---------+---------+-------
        D:1 |      22 |       0 |   0.0 |       7 |       0 |   0.0
            +---------+---------+-------+---------+---------+-------
